 Dungeon Crawl Stone Soup version 0.31-a0-876-gfe8ebadbca (webtiles) character file.

Game seed: 6223562464871170516

146969 Pooter the Marksminotaur (level 16, -9/155 HPs)
             Began as a Minotaur Berserker on Oct 13, 2023.
             Was a High Priest of Trog.
             Shot with an arrow by a deep elf master archer (32 damage)
             ... on level 3 of the Elven Halls on Oct 14, 2023.
             The game lasted 02:34:38 (37776 turns).

Pooter the Marksminotaur (Minotaur Berserker)      Turns: 37776, Time: 02:34:39

Health: -9/155     AC: 34    Str: 39    XL:     16   Next: 90%
Magic:  5/5        EV:  8    Int:  6    God:    Trog [*****.]
Gold:   893        SH:  5    Dex: 11    Spells: 15/15 levels left

rFire   + + .        a - +5 executioner's axe (antimagic)
rCold   + . .        (shield currently unavailable)
rNeg    + + .        e - +6 crystal plate armour
rPois   +            (helmet restricted)
rElec   .            i - +0 cloak "Earthly Heaven" {rF+ rN++ Regen+ Str+2}
rCorr   .            C - +1 pair of gloves {hurl}
SInv    .            O - +2 pair of boots {Stlth+}
Will    +++..        W - amulet of reflection Stlth
                     T - +6 ring of strength
HPRegen 2.25/turn    I - ring of Qalymn {*Slow rPois rF+ rC+ Str+4}
MPRegen 0.09/turn

%: slow self (1%), reflection
@: strong-willed, regenerating
A: horns 2, retaliatory headbutt
a: Renounce Religion, Berserk, Trog's Hand, Brothers in Arms


You were on level 3 of the Elven Halls.
You worshipped Trog.
Trog was extremely pleased with you.
You visited 4 branches of the dungeon, and saw 25 of its levels.
You also visited: Ossuary and Gauntlet.

You collected 2393 gold pieces.
You spent 1500 gold pieces at shops.

Inventory:

Hand Weapons
 a - a +5 antimagic executioner's axe (weapon)
   (Trog gifted it to you on level 13 of the Dungeon)
 b - a +1 heavy longbow
   (You took it off an orc on level 7 of the Dungeon)
 q - a +5 dire flail of protection
   (You took it off a wight on level 7 of the Dungeon)
 A - a +3 demon whip
   (You found it on level 3 of the Elven Halls)
 B - a +4 heavy war axe
   (You took it off a human on level 2 of the Lair of Beasts)
 J - the +8 spear of Poti Ocesch {heavy, Dex+2 SInv}
   (You found it on level 2 of the Lair of Beasts)

   Dex+2:     It affects your dexterity (+2).
   SInv:      It lets you see invisible.
Missiles
 H - 21 boomerangs (quivered)
 K - 17 javelins
 S - 5 datura-tipped darts
 V - 4 curare-tipped darts
Armour
 e - a +6 crystal plate armour (worn)
   (You found it on level 2 of the Lair of Beasts)
 i - the +0 cloak "Earthly Heaven" (worn) {rF+ rN++ Regen+ Str+2}
   (You bought it in a shop on level 15 of the Dungeon)

   Str+2:     It affects your strength (+2).
   rF+:       It protects you from fire.
   rN++:      It greatly protects you from negative energy.
   Regen+:    It increases your rate of health regeneration.
 p - a scarf of repulsion
   (You found it on level 1 of the Orcish Mines)
 w - a scarf of resistance
   (You found it on level 1 of the Lair of Beasts)
 C - a +1 pair of gloves of hurling (worn)
   (You bought it in a shop on level 15 of the Dungeon)
 O - a +2 pair of boots of stealth (worn)
   (You found it on level 14 of the Dungeon)
 P - the +5 chain mail of Greed {Dex+6}
   (You found it on level 8 of the Dungeon)

   Dex+6:     It affects your dexterity (+6).
Jewellery
 h - the ring "Soschah" {+Blink rN+ rCorr Dex+6}
   (You took it off an orc on level 1 of the Orcish Mines)

   [ring of dexterity]

   Dex+6:     It affects your dexterity (+6).
   rN+:       It protects you from negative energy.
   +Blink:    It lets you blink.
   rCorr:     It protects you from acid and corrosion.
 o - a ring of ice
   (You found it on level 2 of the Dungeon)
 F - the ring of Megamn {rF+ Will+}
   (You bought it in a shop on level 1 of the Dungeon)

   [ring of willpower]

   rF+:       It protects you from fire.
   Will+:     It increases your willpower.
 I - the ring of Qalymn (right hand) {*Slow rPois rF+ rC+ Str+4}
   (You took it off a minotaur in a Gauntlet)

   [ring of protection from cold]

   Str+4:     It affects your strength (+4).
   rF+:       It protects you from fire.
   rC+:       It protects you from cold.
   rPois:     It protects you from poison *Slow: It may slow you when you take
   damage.
 M - a ring of flight
   (You took it off an orc warrior on level 6 of the Dungeon)
 N - a ring of positive energy
   (You found it on level 3 of the Elven Halls)
 T - a +6 ring of strength (left hand)
   (You bought it in a shop on level 6 of the Dungeon)
 W - an amulet of reflection (around neck)
   (You found it on level 6 of the Dungeon)
 Z - an amulet of regeneration
   (You found it on level 1 of the Lair of Beasts)
Wands
 f - a wand of flame (37)
   (You found it in a Gauntlet)
 u - a wand of paralysis (11)
   (You found it in a Gauntlet)
 x - a wand of acid (6)
   (You found it on level 8 of the Dungeon)
 D - a wand of digging (12)
   (You found it on level 1 of the Lair of Beasts)
 G - a wand of mindburst (2)
   (You found it on level 1 of the Elven Halls)
 Q - a wand of roots (16)
   (You took it off Nessos on level 4 of the Lair of Beasts)
Scrolls
 d - 5 scrolls of fear
 k - 3 scrolls of vulnerability {!r}
 s - 10 scrolls of blinking
 t - 7 scrolls of teleportation {@r4}
 y - 10 scrolls of noise {!r}
 E - 2 scrolls of immolation {!r}
 L - a scroll of revelation
 Y - 2 scrolls of poison
Potions
 c - 4 potions of mutation {!q}
 g - 5 potions of cancellation
 j - 4 potions of lignification {!q}
 l - 5 potions of enlightenment
 m - 9 potions of curing {@q1}
 n - 2 potions of ambrosia
 r - 8 potions of heal wounds {@q2}
 v - 5 potions of haste {@q3}
 z - 2 potions of attraction {!q}
 R - a potion of invisibility
 X - 2 potions of resistance
Miscellaneous
 U - a phantom mirror
   (You found it on level 11 of the Dungeon)


   Skills:
 + Level 17.1 Fighting
 * Level 16.9 Axes
 - Level 20.0 Ranged Weapons
 + Level 3.3 Throwing
 - Level 11.2 Armour
 + Level 4.2 Dodging
 + Level 2.8 Stealth
 - Level 10.5 Evocations


You had 15 spell levels left.
You didn't know any spells.
Your spell library was empty.

Dungeon Overview and Level Annotations

Branches:
Dungeon (15/15) Zot: 24367  Temple (0/1) D:6            Lair (5/5) D:9 Zot: 23911
 Shoals (0/4) Lair:3       Spider (0/4) Lair:2        Slime (0/5) Lair:5
    Orc (2/2) D:9 Zot: 6896     Elf (3/3) Orc:2 Zot: 13702  Vaults (0/5) D:13
 Depths (0/4) D:15        Ossuary (visited)         Gauntlet (visited)

Altars:
Cheibriados
Dithmenos
Fedhas
Gozag
Kikubaaqudgha
Nemelex Xobeh
Okawaru
Ru
Xom
The Shining One
Jiyva

Shops:
D:1 =   D:4 (   D:6 =   D:15 [([[   Orc:2 ((**(

Portals:
Trove: D:14 (give +5 fire dragon scales)

Annotations:
D:7 2 runed translucent doors
Elf:2 5 runed translucent doors


Innate Abilities, Weirdness & Mutations

You have a pair of horns on your head.
You reflexively headbutt those who attack you in melee.


Message History

The deep elf master archer shoots an arrow.
The arrow hits you!!
There is a stone staircase leading up, spattered with blood here.
Aiming: Corrosive Bolt
Press: ? - help, Shift-Dir - straight line, f - deep elf master archer
Aim: a deep elf master archer, wielding a +0 longbow and wearing a +0 leather armour (60% to hit)
The bolt of acid misses the deep elf master archer.
The deep elf master archer shoots an arrow.
The arrow hits you!
* * * LOW HITPOINT WARNING * * *
The deep elf master archer shoots an arrow.
The arrow hits you but does no damage.
The deep elf annihilator casts a spell at you.
The bolt of lightning hits you!
* * * LOW HITPOINT WARNING * * *
The deep elf master archer shoots an arrow.
The arrow barely misses you.
You hear a shout!
Aiming: Corrosive Bolt
Press: ? - help, Shift-Dir - straight line, f/p - deep elf master archer
Aim: a deep elf master archer, wielding a +0 longbow and wearing a +0 leather armour (60% to hit)
The bolt of acid hits the deep elf master archer!
The deep elf master archer shoots an arrow.
You block the arrow with an invisible shield... and reflect it back!
The arrow hits the deep elf master archer!!
The deep elf master archer shoots an arrow.
The arrow hits you!
* * * LOW HITPOINT WARNING * * *
The deep elf master archer shoots an arrow.
The arrow completely misses you.
Aiming: Corrosive Bolt
Press: ? - help, Shift-Dir - straight line, f/p - deep elf master archer
Aim: a deep elf master archer, wielding a +0 longbow and wearing a +0 leather armour (heavily wounded, 60% to hit)
The bolt of acid hits the deep elf master archer!!
The acid corrodes the deep elf master archer!
The deep elf master archer shoots an arrow.
You block the arrow with an invisible shield... and reflect it back!
The arrow hits the deep elf master archer!!!
The deep elf master archer shoots an arrow.
The arrow hits you!!
* * * LOW HITPOINT WARNING * * *
The deep elf master archer shoots an arrow.
The arrow hits you.
* * * LOW HITPOINT WARNING * * *
The deep elf master archer shoots an arrow.
You block the arrow with an invisible shield... and reflect it back!
The arrow closely misses the deep elf master archer.
The deep elf master archer shoots an arrow.
The arrow hits you!!
You die...

#.# #.# ###.#
#####.#.# ###
####e......# #.# #
#...##....####.####
##...#e...###.....#.
#.....e.............
##.@..e.#.###.....#.
#......#..# ##...###
#.#..)..### #.....##
#....##.# ##...##
#...###.# ##.####
#.#.# #.# #.# #.
#.#.# #.# #.# #.
#.#.###.# ##+###.
#.......# ##...##.


You could see 2 deep elf master archers, a deep elf annihilator and a deep elf
pyromancer.

Vanquished Creatures
  Jorgrun (Orc:2)
  A deep elf blademaster (Elf:3)
  A deep elf sorcerer (Elf:1)
  An orc warlord (Orc:1)
  A quicksilver ooze (Gauntlet)
  The ghost of Xavori the Unseen, a journeyman OpCK of Xom (Lair:5)
  A minotaur (Gauntlet)
  Nessos (Lair:4)
  Azrael (D:14)
  2 deep elf death magi
  2 rakshasas
  A great orb of eyes (D:15)
  4 vault guards (D:13)
  2 boulder beetles
  A merfolk avatar (Lair:5)
  13 centaur warriors
  6 hydras
  A death knight (D:14)
  6 two-headed ogres
  A death yak (Lair:2)
  11 dancing weapons
  2 tengu warriors (D:15)
  A vampire mage (Lair:2)
  5 orc high priests
  6 deep elf knights
  Sonja (Lair:4)
  6 skysharks
  A sea snake (shapeshifter) (D:15)
  2 skeletal warriors
  4 deep elf archers
  22 deep elf pyromancers
  A phantasmal warrior (D:14)
  Pikel (D:9)
  4 harpies
  22 deep elf zephyrmancers
  7 manticores
  7 orc knights
  An oklob plant (Lair:2)
  5 orc sorcerers
  6 cyclopes
  A salamander (shapeshifter) (D:13)
  17 ugly things
  20 elephants
  A rust devil (D:6)
  6 black mambas
  A molten gargoyle (Lair:5)
  A torpor snail (Lair:4)
  A gargoyle (D:12)
  An eye of devastation (shapeshifter) (Elf:3)
  Jeremiah (D:8)
  2 unseen horrors (D:7)
  6 cane toads
  5 rime drakes
  An efreet (D:15)
  2 kobold demonologists
  5 yaktaurs (D:15)
  9 komodo dragons
  7 trolls
  2 polar bears
  2 queen bees (Gauntlet)
  A troll (shapeshifter) (D:15)
  3 meliai (Gauntlet)
  A meliai (shapeshifter) (D:15)
  Prince Ribbit (D:5)
  A hornet (Lair:5)
  A wolf spider simulacrum (Gauntlet)
  A tarantella (shapeshifter) (D:14)
  17 blink frogs
  A snapping turtle (Lair:5)
  A blink frog (shapeshifter) (Elf:2)
  3 centaur simulacra
  5 slime creatures
  A shadow (D:10)
  3 air elementals
  A spriggan (shapeshifter) (D:14)
  3 basilisks
  3 water elementals
  9 wyverns
  4 wraiths
  A culicivora (shapeshifter) (D:14)
  A wyvern (shapeshifter) (D:14)
  A human (Lair:2)
  54 yaks
  A yak (shapeshifter) (D:13)
  6 fire elementals
  A steam dragon (Lair:5)
  3 vampire mosquitoes
  2 acid dragons
  4 wargs
  17 water moccasins
  A hell hound (D:14)
  34 orc warriors
  3 ice beasts
  A sky beast (D:8)
  2 black bears
  6 ogres
  13 wolves
  14 centaurs
  3 phantoms
  7 kobold brigands
  A scorpion (D:6)
  18 bullfrogs
  A cane toad simulacrum (Gauntlet)
  An earth elemental (Elf:1)
  3 gnoll sergeants
  11 wights
  11 killer bees
  3 howler monkeys
  7 electric eels
  4 hounds
  A human zombie (Ossuary)
  25 orc priests
  2 gnoll boudas
  6 jellies
  2 sleepcaps (D:5)
  4 iguanas (D:7)
  Natasha (twice) (D:4)
  23 orc wizards
  5 mummies (Ossuary)
  24 gnolls
  7 adders
  A shadow imp (D:6)
  A white imp (D:6)
  3 worms
  4 dart slugs
  105 orcs
  4 endoplasms
  4 giant cockroaches (D:1)
  7 goblins
  9 hobgoblins
  5 jackals (D:2)
  4 quokkas
  9 ball pythons
  3 bats
  3 frilled lizards
  2 gnoll zombies (Ossuary)
  A goblin zombie (Ossuary)
  A hobgoblin zombie (Ossuary)
  36 kobolds
  2 kobold zombies (Ossuary)
  An orc zombie (Ossuary)
  6 rats
861 creatures vanquished.

Vanquished Creatures (collateral kills)
  The ghost of Ziodaroa the Fencer, a journeyman FoFi of the Shining One (Orc:1)
  An orc high priest (Orc:1)
2 creatures vanquished.

Vanquished Creatures (others)
  A kobold (D:7)
1 creature vanquished.

Grand Total: 864 creatures vanquished

Notes
Turn   | Place    | Note
-------+----------+-------------------------------------------
     0 | D:1      | Pooter the Minotaur Berserker began the quest for the Orb.
     0 | D:1      | Reached XP level 1. HP: 19/19 MP: 0/0
    79 | D:1      | Reached XP level 2. HP: 24/27 MP: 1/1
   180 | D:1      | You fall into a shaft and drop 1 floor!
   237 | D:1      | Reached XP level 3. HP: 33/33 MP: 2/2
   507 | D:1      | Reached ** piety under Trog
   856 | D:1      | Found Kiyl's Jewellery Emporium.
   887 | D:1      | Found a faded altar of an unknown god.
  1005 | D:2      | Reached skill level 1 in Ranged Weapons
  1159 | D:2      | Reached skill level 5 in Axes
  1267 | D:2      | Reached XP level 4. HP: 41/41 MP: 3/3
  1833 | D:2      | Upgraded the game from 0.31-a0-875-g02e7d12df6 to
                  | 0.31-a0-876-gfe8ebadbca
  2077 | D:3      | Reached skill level 2 in Ranged Weapons
  2394 | D:3      | Reached *** piety under Trog
  2573 | D:4      | Found a shimmering altar of Xom.
  2602 | D:4      | Reached XP level 5. HP: 28/47 MP: 4/4
  2705 | D:4      | Found Xitokino's Antique Weapon Boutique.
  2768 | D:4      | Reached skill level 3 in Ranged Weapons
  2859 | D:4      | Bought a glowing shortbow for 174 gold pieces
  2875 | D:4      | Noticed Natasha
  2882 | D:4      | Killed Natasha
  3316 | D:4      | Noticed Natasha
  3319 | D:4      | Killed Natasha
  3320 | D:4      | Reached skill level 5 in Fighting
  3320 | D:4      | Reached XP level 6. HP: 56/56 MP: 5/5
  3400 | D:5      | Entered Level 5 of the Dungeon
  3437 | D:5      | Reached skill level 4 in Ranged Weapons
  3511 | D:5      | Reached XP level 7. HP: 41/61 MP: 6/6
  3561 | D:5      | Found a sand-covered staircase.
  3591 | Ossuary  | Entered an ossuary
  4099 | Ossuary  | Reached **** piety under Trog
  4111 | Ossuary  | Reached skill level 5 in Ranged Weapons
  4248 | D:5      | Noticed Prince Ribbit
  4267 | D:5      | Killed Prince Ribbit
  4271 | D:5      | Reached XP level 8. HP: 10/70 MP: 7/7
  4420 | D:5      | Reached skill level 6 in Ranged Weapons
  4490 | D:5      | Found a sparkling altar of Nemelex Xobeh.
  5203 | D:6      | Reached skill level 7 in Ranged Weapons
  5501 | D:6      | Noticed a rust devil
  5787 | D:6      | Noticed an angel
  5814 | D:6      | Found a staircase to the Ecumenical Temple.
  6018 | D:6      | Reached XP level 9. HP: 65/79 MP: 8/8
  6190 | D:6      | Found Omanier's Jewellery Emporium.
  6361 | D:6      | Reached skill level 10 in Axes
  6363 | D:6      | Reached skill level 8 in Ranged Weapons
  6847 | D:6      | Killed a rust devil
  7001 | D:7      | Found a large runed translucent door.
  7002 | D:7      | Found a large runed translucent door.
  7234 | D:7      | Reached skill level 9 in Ranged Weapons
  7290 | D:7      | Found a large runed translucent door.
  7290 | D:7      | Found a large runed translucent door.
  7367 | D:7      | Killed an unseen horror
  7369 | D:7      | Killed an unseen horror
  7370 | D:7      | Reached XP level 10. HP: 43/90 MP: 9/9
  7378 | D:7      | Identified the +1 spear of Sudden Death {drain, Fragile
                  | rElec Will+ Int+2}
  7383 | D:7      | Identified the amulet "Tyux" {Contam rF+ Regen+ Dex+4}
  7936 | D:7      | Reached skill level 10 in Ranged Weapons
  8858 | D:7      | Found an ancient bone altar of Kikubaaqudgha.
  9536 | D:8      | Identified the +5 chain mail of Greed {Dex+6}
  9658 | D:8      | Identified the +1 robe of the Pink Corner {Regen+ Int+6
                  | SInv Stlth-}
  9778 | D:8      | Noticed Jeremiah
  9786 | D:8      | Killed Jeremiah
  9941 | D:8      | Noticed a sixfirhy
  9943 | D:8      | Reached skill level 11 in Ranged Weapons
 10711 | D:8      | Reached ***** piety under Trog
 10963 | D:9      | Noticed a centaur warrior
 10971 | D:9      | Killed a centaur warrior
 10975 | D:9      | Found an iron altar of Okawaru.
 11453 | D:9      | Found a staircase to the Lair.
 11542 | D:9      | Found a sacrificial altar of Ru.
 11591 | D:9      | Reached XP level 11. HP: 90/99 MP: 10/10
 11627 | D:9      | Noticed Pikel
 11632 | D:9      | Killed Pikel
 11633 | D:9      | Reached skill level 10 in Fighting
 12822 | D:9      | Found a staircase to the Orcish Mines.
 12829 | D:9      | Reached skill level 12 in Ranged Weapons
 12868 | D:10     | Entered Level 10 of the Dungeon
 13156 | D:1      | Bought the ring of Megamn {rF+ Will+} for 390 gold pieces
 14854 | Orc:1    | Entered Level 1 of the Orcish Mines
 14869 | Orc:1    | Noticed an orc sorcerer
 14872 | Orc:1    | Noticed a sun demon
 14872 | Orc:1    | Killed an orc sorcerer
 14872 | Orc:1    | Received a gift from Trog
 14873 | Orc:1    | Reached skill level 1 in Evocations
 15225 | Orc:1    | Noticed a two-headed ogre
 15235 | Orc:1    | Killed a two-headed ogre
 15366 | Orc:1    | Noticed an orc knight
 15367 | Orc:1    | Found a runed translucent gate.
 15367 | Orc:1    | Found a runed translucent gate.
 15367 | Orc:1    | Noticed an orc knight
 15368 | Orc:1    | Noticed Ziodaroa's ghost (journeyman FoFi)
 15369 | Orc:1    | Noticed an orc knight
 15369 | Orc:1    | Noticed an orc high priest
 15370 | Orc:1    | Identified the ring "Soschah" {+Blink rN+ rCorr Dex+6}
 15371 | Orc:1    | Found a runed translucent gate.
 15373 | Orc:1    | Identified the +0 chain mail of the Forest {+Blink}
 15373 | Orc:1    | Noticed an orc warlord
 15811 | D:6      | Bought a +6 ring of strength for 432 gold pieces
 15981 | Orc:2    | Entered Level 2 of the Orcish Mines
 15995 | Orc:2    | Noticed an orc high priest
 16005 | Orc:2    | Killed an orc high priest
 16006 | Orc:2    | Reached skill level 13 in Ranged Weapons
 16072 | Orc:2    | Found Xopygin's Weapon Boutique.
 17237 | Orc:2    | Noticed Jorgrun
 17256 | Orc:2    | Killed Jorgrun
 17257 | Orc:2    | Reached XP level 12. HP: 95/110 MP: 11/11
 18379 | Orc:2    | Found a staircase to the Elven Halls.
 18699 | Orc:2    | Noticed an orc high priest
 18702 | Orc:2    | Killed an orc high priest
 18708 | Orc:2    | Reached skill level 14 in Ranged Weapons
 18711 | Orc:2    | Reached skill level 15 in Axes
 18816 | Orc:2    | Noticed an orc high priest
 18824 | Orc:2    | Killed an orc high priest
 19115 | Orc:2    | Noticed an orc high priest
 19126 | Orc:2    | Killed an orc high priest
 19655 | Orc:2    | Found Sittehot's Weapon Shop.
 19690 | Orc:2    | Found Betof's General Store.
 19697 | Orc:2    | Found Taeshao's General Store.
 19699 | Orc:2    | Found Fininaf's Weapon Shop.
 20066 | D:11     | Reached skill level 5 in Evocations
 20551 | D:11     | Noticed a two-headed ogre
 20558 | D:11     | Killed a two-headed ogre
 20699 | D:11     | Noticed a boulder beetle
 20715 | D:11     | Killed a boulder beetle
 20716 | D:11     | Reached skill level 15 in Ranged Weapons
 20987 | Lair:1   | Entered Level 1 of the Lair of Beasts
 21004 | Lair:1   | Found a gate leading to a gauntlet.
 21018 | Gauntlet | Entered a Gauntlet
 21018 | Gauntlet | Found a transporter.
 21046 | Gauntlet | Reached XP level 13. HP: 119/119 MP: 12/12
 21094 | Gauntlet | Found a transporter.
 21095 | Gauntlet | Found a transporter.
 21101 | Gauntlet | Found a transporter.
 21113 | Gauntlet | Found a transporter.
 21163 | Gauntlet | Found a transporter.
 21163 | Gauntlet | Found a transporter.
 21176 | Gauntlet | Found a transporter.
 21176 | Gauntlet | Found a transporter.
 21479 | Gauntlet | Found a transporter.
 21482 | Gauntlet | Noticed a quicksilver ooze
 21483 | Gauntlet | Found a runed translucent door.
 21484 | Gauntlet | Found a runed translucent door.
 21486 | Gauntlet | Found a transporter.
 21486 | Gauntlet | Found a transporter.
 21486 | Gauntlet | Found a transporter.
 21496 | Gauntlet | Killed a quicksilver ooze
 21546 | Gauntlet | Found a runed translucent door.
 21547 | Gauntlet | Found a transporter.
 21611 | Gauntlet | Identified the ring of Qalymn {*Slow rPois rF+ rC+ Str+4}
 21611 | Gauntlet | Noticed a minotaur
 21626 | Gauntlet | Killed a minotaur
 22707 | Lair:2   | Found a runed translucent door.
 22761 | Lair:2   | Reached skill level 16 in Ranged Weapons
 23477 | Lair:2   | Found a hole to the Spider Nest.
 23937 | Lair:2   | Identified the +8 spear of Poti Ocesch {heavy, Dex+2 SInv}
 24079 | Lair:3   | Found a staircase to the Shoals.
 24331 | Lair:3   | Identified the +0 scale mail of the Eight Continents {Int+4
                  | Dex+2}
 24541 | Lair:3   | Reached skill level 5 in Armour
 24541 | Lair:3   | Reached XP level 14. HP: 130/130 MP: 13/13
 25104 | Lair:4   | Identified the +1 ring mail of the Original Sin {rElec
                  | Int+3}
 25168 | Lair:4   | Noticed Sonja
 25171 | Lair:4   | Found the +3 giant club "Skullcrusher" {speed, Str+7}
 25176 | Lair:4   | Killed Sonja
 25285 | Lair:4   | Reached skill level 17 in Ranged Weapons
 25361 | Lair:4   | You fall into a shaft and drop 1 floor!
 25361 | Lair:5   | Entered Level 5 of the Lair of Beasts
 25534 | Lair:4   | Noticed Nessos
 25541 | Lair:4   | Killed Nessos
 26636 | Lair:5   | Reached skill level 18 in Ranged Weapons
 26906 | Lair:5   | Identified the +12 rapier of Saltpetre {venom, rElec rF+
                  | Will+ Int+3}
 27210 | Lair:5   | Found a runed translucent door.
 27212 | Lair:5   | Noticed Xavori's ghost (journeyman OpCK)
 27226 | Lair:5   | Killed Xavori's ghost
 27376 | Lair:5   | Found a viscous altar of Jiyva.
 27377 | Lair:5   | Found a staircase to the Slime Pits.
 27853 | D:12     | Reached XP level 15. HP: 73/139 MP: 14/14
 28285 | D:12     | Reached skill level 15 in Fighting
 29155 | D:13     | Found a gate to the Vaults.
 29165 | D:13     | Received a gift from Trog
 29701 | D:14     | Noticed Azrael
 29721 | D:14     | Killed Azrael
 30046 | D:14     | Reached skill level 19 in Ranged Weapons
 30603 | D:14     | Found a portal to a secret trove of treasure.
 30700 | D:14     | Found an opulent altar of Gozag.
 30744 | D:15     | Entered Level 15 of the Dungeon
 31682 | D:15     | Found Mech's Antique Armour Shoppe.
 31906 | D:15     | Bought a pair of glowing gloves for 172 gold pieces
 32146 | D:15     | Found Gaex's Antique Armour Shoppe.
 32184 | D:15     | Found Zaeddant's Weapon Shop.
 32371 | D:15     | Reached skill level 10 in Armour
 32526 | D:15     | Found a shimmering altar of Xom.
 32529 | D:15     | Found a glowing golden altar of the Shining One.
 32529 | D:15     | Found a blossoming altar of Fedhas.
 32531 | D:15     | Found a shimmering altar of Xom.
 32531 | D:15     | Found a shadowy altar of Dithmenos.
 32531 | D:15     | Found a snail-covered altar of Cheibriados.
 32686 | D:15     | Found Niamum's Armour Boutique.
 32694 | D:15     | Bought the +0 cloak "Earthly Heaven" {rF+ rN++ Regen+
                  | Str+2} for 332 gold pieces
 33034 | D:15     | Reached XP level 16. HP: 135/151 MP: 15/15
 33051 | D:15     | Found a staircase to the Depths.
 33395 | Orc:1    | Reached skill level 10 in Evocations
 33397 | Orc:1    | Killed Ziodaroa's ghost
 33543 | Elf:1    | Entered Level 1 of the Elven Halls
 33555 | Elf:1    | Reached skill level 20 in Ranged Weapons
 34735 | Elf:1    | Paralysed by an air elemental for 1 turns
 35046 | Elf:2    | Reached skill level 1 in Throwing
 35047 | Elf:2    | Paralysed by an air elemental for 1 turns
 35163 | Elf:2    | Reached skill level 1 in Stealth
 35820 | Elf:2    | Found a huge runed translucent gate.
 35820 | Elf:2    | Found a huge runed translucent gate.
 35843 | Elf:2    | Found a huge runed translucent gate.
 35843 | Elf:2    | Found a huge runed translucent gate.
 35843 | Elf:2    | Found a huge runed translucent gate.
 35904 | Elf:2    | Paralysed by an air elemental for 1 turns
 36443 | Elf:3    | Entered Level 3 of the Elven Halls
 36937 | Elf:3    | Paralysed by a floating eye for 4 turns
 37282 | Elf:3    | Noticed a deep elf blademaster
 37308 | Elf:3    | Killed a deep elf blademaster
 37606 | Elf:3    | Noticed a deep elf master archer
 37606 | Elf:3    | Noticed a deep elf master archer
 37776 | Elf:3    | Shot with an arrow by a deep elf master archer

Illustrated notes

Levels and vault maps discovered:
D:1:      amcnicky_arrival_abandoned_market, layout_loops_ring,
          shapermc_ecumenical_altar_hornbeckon, serial_shops,
          nicolae_square_shop, minmay_quantized
D:2:      layout_loops_ring, serial_forest, infiniplex_forest_join,
          infiniplex_forest_side_room, infiniplex_forest_straight_2,
          infiniplex_forest_lined_2, infiniplex_forest_lined_ring,
          infiniplex_forest_clump_curved, infiniplex_forest_end_3
D:3:      layout_rooms, amcnicky_mini_rare_corridor_liquid
D:4:      layout_loops_ring, mainiacjoe_overflow_concentric_impassable,
          serial_shops, nicolae_shop_window_shopping, uniq_natasha
D:5:      layout_loops_ring, nemelex_xobeh_ov_fountains_minmay,
          nicolae_ossuary_entry_plus, st_stairs_6, uniq_prince_ribbit1
D:6:      layout_basic, temple_garden, serial_shops, shop
D:7:      layout_basic, mainiacjoe_overflow_cross_hatched, serial_bayou_pond_b,
          corner_web_ring, minmay_hollow_rounded_squares
D:8:      minmay_general_purpose_star, layout_loops_corners, uniq_jeremiah
D:9:      layout_roguey, mainiacjoe_overflow_brackets,
          okawaru_altar_gauntlet_db, dpeg_oklobed_lair, erik_orc_2, uniq_pikel
D:10:     layout_basic, kennysheep_generic_room_10
D:11:     layout_roguey
D:12:     layout_cave_pods
D:13:     layout_loops_ring, lightli_vaults_fourway_checkpoint,
          kennysheep_small_spiral
D:14:     layout_loops_ring, nicolae_trove_entry_crystal,
          nicolae_gozag_cash_rules_everything_around_me, grunt_potential,
          uniq_azrael
D:15:     gammafunk_enter_depths_forms, layout_cave_pools, doesnt_xom_only_xom,
          serial_shops, nicolae_shop_crystal, shop, nicolae_shop_hallway_stairs,
          nicolae_square_shop, hangedman_abyss_or_decor_passed,
          grunt_ministairs_12, nicolae_twisting_strands, roderic_roman_lattice
Lair:1:   layout_regular_city, gauntlet_entry_generic
Lair:2:   layout_gridlike, spider_nest_entry_web_field,
          pdpol_lair_cabin_in_the_woods, grunt_megastairs_1
Lair:3:   layout_regular_city, nicolae_shoals_entry_roost
Lair:4:   layout_cellular_growth, grunt_megastairs_5, uniq_sonja, uniq_nessos
Lair:5:   gammafunk_lair_ancient_temple, layout_gridlike,
          minmay_slime_entry_pillars, gammafunk_ghost_grave,
          serial_bayou_lagoon_a
Orc:1:    layout_caves, biasface_ghost_orc_armoury, nicolae_orc_damp_corner,
          nicolae_orc_pool_cavern
Orc:2:    st_orc_elflike, layout_diamond_mine, serial_shops, shop, uniq_jorgrun
Elf:1:    eino_elf_arrival_the_gate, layout_geoelf_octagon, minmay_elf_sorcery
Elf:2:    elven_hall_of_blades_hangedman_alternative
          [nicolae_blade_entry_area_security], layout_geoelf_grid
Elf:3:    minmay_elf_hall, layout_loops_corners

Skill      XL: |  1  2  3  4  5  6  7  8  9 10 11 12 13 14 15 16 |
---------------+-------------------------------------------------+-----
Axes           | 4 5 6 7 8 9 11 13 14 15 16 | 16.9
Fighting       | 4 5 6 7 8 9 11 12 13 14 16 17 | 17.1
Ranged Weapons | 1 2 3 4 5 7 9 11 13 15 16 18 19 20 | 20.0
Evocations     | 3 5 7 8 9 10 | 10.5
Armour         | 5 8 10 11 | 11.2
Throwing       | 3 |  3.3
Stealth        | 2 |  2.8
Dodging        | 4 |  4.2

Action                     |  1- 3 |  4- 6 |  7- 9 | 10-12 | 13-15 | 16-18 || total
---------------------------+-------+-------+-------+-------+-------+-------++-------
  Melee: Hand axe          |    42 |       |       |       |       |       ||    42
         Headbutt          |    13 |     9 |    27 |    62 |   118 |    42 ||   271
         Flail             |    11 |   113 |    49 |       |       |       ||   173
         Punch             |       |     1 |     2 |     3 |     5 |     1 ||    12
         Mace              |       |     4 |    38 |       |       |       ||    42
         War axe           |       |       |    50 |   267 |   413 |    19 ||   749
         Dire flail        |       |       |       |       |    23 |       ||    23
         Executioner's axe |       |       |       |       |    22 |   165 ||   187
         Spear             |       |       |       |       |       |     5 ||     5
   Fire: Sling             |    21 |    13 |       |       |       |       ||    34
         Shortbow          |       |    37 |   121 |       |       |       ||   158
         Longbow           |       |       |     7 |   386 |   331 |   127 ||   851
  Throw: Dart              |       |     2 |       |       |     4 |       ||     6
         Boomerang         |       |       |       |       |       |    11 ||    11
 Invoke: Berserk           |     2 |       |     4 |     8 |    14 |     2 ||    30
         Trog's Hand       |       |       |     5 |    14 |    23 |     7 ||    49
         Brothers in Arms  |       |       |       |       |       |     1 ||     1
  Evoke: Wand              |       |     4 |     2 |       |     5 |    12 ||    23
    Use: Scroll            |       |     5 |     9 |    14 |    13 |     4 ||    45
         Potion            |       |       |     1 |       |     5 |     4 ||    10
   Stab: Paralysed         |       |       |       |       |     1 |       ||     1
         Distracted        |       |       |       |       |       |     1 ||     1
         Invisible         |       |       |       |       |       |     1 ||     1
 Armour: Animal skin       |     7 |       |       |       |       |       ||     7
         Plate armour      |    30 |   124 |   136 |       |       |       ||   290
         Chain mail        |       |       |    30 |   325 |   716 |       ||  1071
         Crystal plate arm |       |       |       |       |    78 |   370 ||   448
  Dodge: Dodged            |    31 |    51 |    60 |   143 |   309 |    93 ||   687
  Block: Other             |       |       |    15 |    88 |    69 |    57 ||   229
         Reflection        |       |       |     2 |    14 |    13 |    12 ||    41

Table legend: (Time is in decaauts)
 A = Elapsed time spent in this place.
 B = Non-inter-level travel time spent in this place.
 C = Inter-level travel time spent in this place.
 D = Time resting spent in this place.
 E = Time spent auto-exploring this place.
 F = Levels seen in this place.
 G = Mean time per level.
                   A        B        C        D        E       F      G
               +--------+--------+--------+--------+--------+-----+--------+
         Total |  38620 |  36552 |   2068 |  13613 |  16764 |  27 | 1430.4 |
       Dungeon |  21873 |  20368 |   1505 |   6564 |  10654 |  15 | 1458.2 |
          Lair |   6088 |   5909 |    179 |   1250 |   3578 |   5 | 1217.6 |
  Orcish Mines |   5103 |   4794 |    309 |   3413 |    812 |   2 | 2551.5 |
   Elven Halls |   4297 |   4223 |     74 |   1504 |   1681 |   3 | 1432.3 |
       Ossuary |    581 |    581 |      0 |    381 |     20 |   1 |  581.0 |
      Gauntlet |    675 |    675 |      0 |    500 |     19 |   1 |  675.0 |
               +--------+--------+--------+--------+--------+-----+--------+

Top non-repeatable levels by time:
   Orc:2: 3987 daAuts
     D:9: 2320 daAuts
     D:7: 2307 daAuts
     D:6: 2201 daAuts
    D:15: 1835 daAuts
     D:8: 1774 daAuts
    D:14: 1635 daAuts
   Elf:1: 1615 daAuts
    D:10: 1593 daAuts
   Elf:2: 1487 daAuts
  Lair:2: 1447 daAuts
  Lair:5: 1390 daAuts
    D:13: 1310 daAuts
     D:5: 1277 daAuts
  Lair:4: 1221 daAuts
